 Dungeon Crawl Stone Soup version 0.27-a0-1579-g97d2440184 (webtiles) character file.

Game seed: 5821900095735623261

49 flotson the Sneak (level 3, -8/29 HPs)
             Began as a Demonspawn Delver on July 17, 2021.
             Mangled by an orc priest (14 damage)
             ... on level 4 of the Dungeon.
             The game lasted 00:02:36 (363 turns).

flotson the Sneak (Demonspawn Delver)                Turns: 363, Time: 00:02:37

Health: -8/29      AC:  3    Str: 13    XL:     3   Next: 53%
Magic:  3/3        EV:  7    Int: 11    God:
Gold:   45         SH: 13    Dex: 14    Spells: 2/2 levels left

rFire    . . .     SeeInvis .   a - +0 hand axe
rCold    . . .     Faith    .   h - +2 tower shield
rNeg     . . .     Spirit   .   b - +0 leather armour
rPois    .         Reflect  .   (helmet restricted)
rElec    .         Harm     .   (no cloak)
rCorr    .         Rampage  .   (no gloves)
Will     .....                  (no boots)
Stlth    ++........             (no amulet)
HPRegen  0.09/turn              (no ring)
MPRegen  0.08/turn              (no ring)

@: no status effects
A: horns 1, demonic guardian 1
a: no special abilities


You were on level 4 of the Dungeon.
You visited 1 branch of the dungeon, and saw 2 of its levels.

You collected 45 gold pieces.

Inventory:

Hand Weapons
 a - a +0 hand axe (weapon)
Missiles
 d - 4 datura-tipped darts (quivered)
Armour
 b - a +0 leather armour (worn)
 h - a +2 tower shield (worn)
Scrolls
 c - a scroll of fog


   Skills:
 + Level 3.2 Fighting
 + Level 2.1 Axes
 + Level 0.8 Throwing
 + Level 1.0 Armour
 + Level 2.1 Dodging
 - Level 4.5 Stealth
 + Level 0.7 Shields
 + Level 0.9 Evocations


You had 2 spell levels left.
You didn't know any spells.
Your spell library was empty.

Dungeon Overview and Level Annotations

Branches:
Dungeon (5/15)
 Temple: D:4-7

Altars:
Kikubaaqudgha
Nemelex Xobeh
Yredelemnul
The Shining One


Innate Abilities, Weirdness & Mutations

You have a pair of small horns on your head.
A weak demonic guardian rushes to your aid.


Message History

Throw: 5 darts (datura)
Press: ? - help, Q - select action Shift-Dir - straight line, f/p - orc priest
Aim: an orc priest, wielding a +0 flail and wearing a +0 ring mail (moderately wounded, 63% to hit, chance to frenzy on hit: 83%)
You throw a datura-tipped dart.
The datura-tipped dart hits the orc priest.
The orc priest flies into a frenzy!
The orc priest is moderately wounded.
You block the orc priest's attack.
The orc priest hits you with a +0 flail!
Ouch! That really hurt!
The orc priest hits the ogre with a +0 flail!
Things that are here:
a +0 club; a +0 leather armour; an orc corpse The orc priest hits the ogre with a +0 flail!
The ogre dies!
The orc priest looks more experienced.
The orc priest shouts!
You hear an angry hiss.
Your Axes skill increases to level 2!
Your Armour skill increases to level 1!
Your Dodging skill increases to level 2!
You have reached level 2!
Your demonic ancestry asserts itself...
You feel the presence of a demonic guardian.
You have reached level 3!
Your experience leads to an increase in your attributes!
Increase (S)trength, (I)ntelligence, or (D)exterity?
You feel stronger.
Your demonic ancestry asserts itself...
A pair of horns grows on your head!
Things that are here:
a +0 mace; a +0 club; an orc corpse You closely miss the orc priest.
You headbutt the orc priest, but do no damage.
The orc priest is moderately wounded.
The orc priest hits you with a +0 flail!
* * * LOW HITPOINT WARNING * * *
A demonic guardian appears!
You block the orc priest's attack.
Unknown command.
You aren't carrying any potions.
Unknown command.
The orc priest hits you with a +0 flail!
You die...

.. #.# #. #.# #. #.#
#(####### #.# ##.(.....###.#
##### ##...#.)......#
#...######.#.5....##.###.#
#.........#....o)#.#.###.#
#...######.###.@###....#.#
##.## #...#...#.#O# #.#
#(##.####.#.# #.#### ##'####
#.#.##### #....# #..
#.......# ####.# ###'#####
###.###.# ##..# #≈≈≈≈≈#.##
##.###.#
##...#####≈≈≈≈≈#..####..)##.#
#...#...'#≈≈≈≈≈#..'.......###


You could see a neutral orc priest (fast, strong, insane, ally target) and a
friendly white imp (summoned).

Vanquished Creatures
  A goblin (D:4)
  A hobgoblin (D:4)
2 creatures vanquished.

Vanquished Creatures (collateral kills)
  An ogre (D:4)
  3 orcs (D:4)
4 creatures vanquished.

Vanquished Creatures (others)
  An orc priest (D:4)
1 creature vanquished.

Grand Total: 7 creatures vanquished

Notes
Turn   | Place    | Note
-------+----------+-------------------------------------------
     0 | D:5      | flotson the Demonspawn Delver began the quest for the Orb.
     0 | D:5      | Reached XP level 1. HP: 18/18 MP: 1/1
    25 | D:5      | Noticed an orc wizard
    44 | D:5      | Noticed a water moccasin
   153 | D:4      | Noticed an ogre
   203 | D:4      | Found a basalt altar of Yredelemnul.
   203 | D:4      | Found a faded altar of an unknown god.
   211 | D:4      | Found a sparkling altar of Nemelex Xobeh.
   213 | D:4      | Found an ancient bone altar of Kikubaaqudgha.
   309 | D:4      | Noticed an orc priest
   309 | D:4      | Noticed an orc priest
   319 | D:4      | Killed an orc priest
   361 | D:4      | Killed an ogre
   362 | D:4      | Reached skill level 1 in Armour
   362 | D:4      | Gained mutation: A weak demonic guardian rushes to your
                  | aid. [demonic ancestry]
   362 | D:4      | Reached XP level 2. HP: 11/24 MP: 2/2
   362 | D:4      | Gained mutation: You have a pair of small horns on your
                  | head. [demonic ancestry]
   362 | D:4      | Reached XP level 3. HP: 14/29 MP: 3/3
   363 | D:4      | Mangled by an orc priest

Illustrated notes

Levels and vault maps discovered:
D:4:      layout_loops_corners, chequers_temple_overflow_minitemple,
          chequers_serial_rivers_room_b, uniq_natasha
D:5:      layout_gridville, serial_shops, shop

Skill      XL: |  1 |
---------------+----+-----
Axes           | 2 |  2.1
Armour         | 1 |  1.0
Dodging        | 2 |  2.1
Fighting       | |  3.2
Throwing       | |  0.8
Stealth        | |  4.5
Shields        | |  0.7
Evocations     | |  0.9

Action                   || total
-------------------------++-------
Melee: Hand axe          ||     4
       Headbutt          ||     1
Throw: Dart              ||     3
Evoke: Wand              ||     3
  Use: Scroll            ||     2
       Potion            ||     1
 Stab: Sleeping          ||     1
Armor: Leather armour    ||     1
Dodge: Dodged            ||     2
Block: Tower shield      ||     4

Table legend: (Time is in decaauts)
 A = Elapsed time spent in this place.
 B = Non-inter-level travel time spent in this place.
 C = Inter-level travel time spent in this place.
 D = Time resting spent in this place.
 E = Time spent auto-exploring this place.
 F = Levels seen in this place.
 G = Mean time per level.
                   A        B        C        D        E       F      G
               +--------+--------+--------+--------+--------+-----+--------+
         Total |    352 |    326 |     26 |      0 |    144 |   2 |  176.0 |
       Dungeon |    352 |    326 |     26 |      0 |    144 |   2 |  176.0 |
               +--------+--------+--------+--------+--------+-----+--------+

Top non-repeatable levels by time:
     D:4: 307 daAuts
     D:5: 44 daAuts
